 Dungeon Crawl Stone Soup version 0.31-a0-83-gbff143cfd1 (webtiles) character file.

Game seed: 1233055683271977954

1516 greasedhog the Spear-Bearer (level 8, -5/93 HPs)
             Began as a Merfolk Fighter on May 24, 2023.
             Was a Priest of Okawaru.
             Slain by Maggie
             ... wielding a +2 heavy long sword
              (9 damage)
             ... on level 7 of the Dungeon.
             The game lasted 00:06:07 (4257 turns).

greasedhog the Spear-Bearer (Merfolk Fighter)       Turns: 4257, Time: 00:06:08

Health: -5/93      AC: 24    Str: 24    XL:     8   Next: 83%
Magic:  8/8        EV:  2    Int:  8    God:    Okawaru [***...]
Gold:   339        SH:  4    Dex: 13    Spells: 7/7 levels left

rFire   . . .        a - +0 trident
rCold   . . .        c - +0 buckler
rNeg    . . .        K - melded +0 ring mail {Will+}
rPois   +            (helmet currently unavailable)
rElec   .            e - melded +2 cloak
rCorr   +            t - melded +0 pair of gloves
SInv    .            h - melded +0 pair of boots
Will    +....        (no amulet)
Stlth   +            l - +6 ring of strength
HPRegen 0.35/turn    z - ring of resist corrosion
MPRegen 0.11/turn

%: no passive effects
@: mighty, brilliant, tree-form, enlightened
A: stationary, stasis, torment immunity, boosted hp, (nimble swimmer 2),
(mertail)
a: Renounce Religion, Heroism


You were on level 7 of the Dungeon.
You worshipped Okawaru.
Okawaru was most pleased with you.
You were a tree.
You visited 1 branch of the dungeon, and saw 7 of its levels.

You collected 372 gold pieces.
You spent 33 gold pieces at shops.

Inventory:

Hand Weapons
 a - a +0 trident (weapon)
Missiles
 y - a throwing net (quivered)
Armour
 c - a +0 buckler (worn)
 e - a +2 cloak (melded)
 h - a +0 pair of boots (melded)
 t - a +0 pair of gloves (melded)
 K - a +0 ring mail of willpower (melded)
Jewellery
 j - a ring of magical power
 l - a +6 ring of strength (left branch)
 z - a ring of resist corrosion (right branch)
 C - a ring of flight
Wands
 D - a wand of flame (21)
 G - a wand of digging (7)
Scrolls
 f - a scroll of immolation
 g - a scroll of brand weapon {unknown}
 o - 2 scrolls of teleportation {unknown}
 p - a scroll of blinking {unknown}
 q - 3 scrolls of identify {unknown}
 r - a scroll of noise {unknown}
 s - 2 scrolls of fear {unknown}
 u - a scroll of amnesia {unknown}
 v - 2 scrolls of poison {unknown}
 E - a scroll of enchant armour {unknown}
 F - a scroll of fog {unknown}
 H - a scroll of enchant weapon {unknown}
Potions
 d - a potion of might
 k - a potion of enlightenment
 m - a potion of magic
 n - a potion of invisibility {unknown}
 w - a potion of brilliance
 x - 3 potions of curing
 A - a potion of resistance {unknown}
 B - a potion of heal wounds {unknown}
 I - a potion of berserk rage {unknown}
 J - a potion of degeneration {unknown}


   Skills:
 - Level 5.1 Fighting
 * Level 11.6 Polearms
 + Level 3.1 Armour
 - Level 5.0 Dodging
 - Level 3.0 Shields


You had 7 spell levels left.
You didn't know any spells.
Your spell library contained the following spells:

 Spells                   Type           Power      Damage    Failure   Level
 Kiss of Death            Conj/Necr      0%         2d5       45%         1
 Magic Dart               Conj           0%         1d3       45%         1
 Searing Ray              Conj           0%         2d4       61%         2
 Confusing Touch          Hex            0%         N/A       83%         3
 Dispel Undead            Necr           0%         3d6       99%         4
 Fulminant Prism          Conj/Hex       0%         3d5       99%         4
 Blade Hands              Tmut           0%         N/A       100%        5
 Irradiate                Conj/Tmut      0%         3d11      100%        5
 Dragon Form              Tmut           0%         N/A       100%        7


Dungeon Overview and Level Annotations

Branches:
Dungeon (7/15)
 Temple: D:4-7

Altars:
Dithmenos
Makhleb
Okawaru
Qazlal
Vehumet

Shops:
D:4 !

Annotations:
D:7 Maggie


Innate Abilities, Weirdness & Mutations

You are a tree.
Your roots penetrate the ground, keeping you stationary.
You cannot be teleported.
You are immune to unholy pain and torment.
Your maximum health is greatly increased.
Your equipment is partially melded.
((You are very nimble when in or above water. (Stealth+, EV+, Speed+++)))
((Your lower body shifts to a powerful aquatic tail in water.))


Message History

You impale Maggie!!
Maggie is severely wounded.
You closely miss Maggie.
Maggie is severely wounded.
The kobold hits you but does no damage.
The kobold brigand hits you with a +0 dagger.
* * * LOW HITPOINT WARNING * * *
Maggie gestures at you while chanting. The bolt of fire misses you.
It was a potion of lignification.
You turn into a tree.
Your +2 cloak melds into your body.
Your +0 pair of gloves melds into your body.
Your +0 pair of boots melds into your body.
Your +0 ring mail of willpower melds into your body.
You feel less strong-willed.
Your roots penetrate the ground.
The kobold hits you but does no damage. x2; The kobold barely misses you.
The kobold brigand hits you but does no damage.
Maggie drinks a potion.
Maggie is healed!
You closely miss Maggie.
Maggie is heavily wounded.
The kobold hits you but does no damage. x2
You block the kobold brigand's attack. The kobold hits you but does no damage.
You hit Maggie.
Maggie is severely wounded.
Maggie hits you but does no damage.
The kobold hits you but does no damage. x3
The kobold brigand hits you but does no damage.
You barely miss Maggie.
Maggie is severely wounded.
You hit Maggie.
Maggie is severely wounded.
The kobold hits you but does no damage. x2; You block the kobold's attack.
The kobold brigand hits you with a +0 dagger.
* * * LOW HITPOINT WARNING * * *
Maggie hits you but does no damage.
You hit Maggie.
Maggie is severely wounded.
The kobold hits you but does no damage. You block the kobold's attack.
The kobold brigand barely misses you. You block the kobold's attack.
Maggie hits you with a +2 heavy long sword!
You die...

##
##.###
#....
....
##..#
#...##
##KK#.##
#K♣K)[.#
###@...#
......#
##.#.#.
## #


You could see Maggie, a kobold brigand and 3 kobolds.

Vanquished Creatures
  Eustachio (D:5)
  2 water moccasins
  An ice beast (D:6)
  2 ogres
  2 scorpions
  3 wights (D:6)
  A howler monkey (D:6)
  2 hounds
  5 jellies
  2 sleepcaps
  3 iguanas
  2 orc wizards (D:6)
  12 adders
  A shadow imp (D:6)
  An ufetubus (D:5)
  6 worms
  4 dart slugs
  7 orcs
  4 endoplasms
  4 giant cockroaches
  6 goblins
  5 hobgoblins
  8 kobolds
  3 quokkas
  2 ball pythons
  5 bats
  10 frilled lizards
  5 rats
109 creatures vanquished.

Notes
Turn   | Place    | Note
-------+----------+-------------------------------------------
     0 | D:1      | greasedhog the Merfolk Fighter began the quest for the Orb.
     0 | D:1      | Reached XP level 1. HP: 18/18 MP: 1/1
    44 | D:1      | Reached skill level 3 in Polearms
   107 | D:1      | Reached XP level 2. HP: 24/24 MP: 2/2
   413 | D:1      | Found a faded altar of an unknown god.
   500 | D:1      | Reached skill level 4 in Polearms
   734 | D:2      | Reached XP level 3. HP: 30/30 MP: 3/3
   910 | D:2      | Reached XP level 4. HP: 37/37 MP: 4/4
   971 | D:2      | Reached skill level 5 in Polearms
  1294 | D:3      | Reached XP level 5. HP: 43/43 MP: 5/5
  1349 | D:3      | Found a radiant altar of Vehumet.
  1351 | D:3      | Found an iron altar of Okawaru.
  1360 | D:3      | Became a worshipper of Warmaster Okawaru
  1365 | D:3      | Found a stormy altar of Qazlal.
  2006 | D:4      | Noticed an ogre
  2016 | D:4      | Killed an ogre
  2017 | D:4      | Reached skill level 6 in Polearms
  2023 | D:4      | Reached XP level 6. HP: 50/50 MP: 6/6
  2074 | D:4      | Reached * piety under Okawaru
  2075 | D:4      | Reached skill level 5 in Fighting
  2133 | D:4      | Reached skill level 7 in Polearms
  2203 | D:4      | Found Tautofei's Distillery.
  2211 | D:4      | Bought a potion of curing for 33 gold pieces
  2322 | D:4      | Found a shadowy altar of Dithmenos.
  2484 | D:4      | Reached skill level 1 in Dodging
  2593 | D:5      | Entered Level 5 of the Dungeon
  2972 | D:5      | Reached skill level 8 in Polearms
  2972 | D:5      | Reached XP level 7. HP: 54/56 MP: 7/7
  3125 | D:6      | Reached ** piety under Okawaru
  3126 | D:6      | Reached skill level 9 in Polearms
  3151 | D:6      | Reached XP level 8. HP: 28/62 MP: 8/8
  3319 | D:6      | Reached skill level 10 in Polearms
  3448 | D:6      | Reached skill level 5 in Dodging
  3995 | D:5      | Noticed Eustachio
  4033 | D:5      | Killed Eustachio
  4034 | D:5      | Reached skill level 11 in Polearms
  4048 | D:5      | Reached *** piety under Okawaru
  4132 | D:5      | Found a burning altar of Makhleb.
  4238 | D:7      | Noticed Maggie
  4251 | D:7      | HP: 3/62 [kobold brigand/+0 dagger (4)]
  4256 | D:7      | HP: 3/93 [kobold brigand/+0 dagger (3)]
  4257 | D:7      | Slain by Maggie

Illustrated notes

Levels and vault maps discovered:
D:1:      spicycebolla_green_bress_n_ham, layout_basic,
          hellmonk_ecumenical_altar_leap_of_faith, minmay_misc_feat_plants,
          hangedman_decor_lopped, dk_noncrumbling_4
D:2:      layout_rooms
D:3:      layout_loops_cross, minmay_overflow_temple_star_quad
D:4:      layout_cave_pools, grunt_dithmenos_smoke_and_mirrors, serial_shops,
          nicolae_shop_advertising_works [nicolae_subvault_shop_adworks],
          serial_bayou_lagoon_a
D:5:      layout_basic, makhleb_heckhound_becter, grunt_tough_drop,
          uniq_eustachio
D:6:      layout_loops_ring, amcnicky_mini_rare_corridor_liquid, feat_on_display
D:7:      layout_cave_pools, mainiacjoe_overflow_surrounded_room,
          minmay_temple_entry_arrows, uniq_pikel, uniq_maggie, uniq_menkaure

Skill      XL: |  1  2  3  4  5  6  7  8 |
---------------+-------------------------+-----
Polearms       | 3 4 5 6 8 9 11 | 11.6
Fighting       | 4 5 |  5.1
Dodging        | 2 4 5 |  5.0
Armour         | 3 |  3.1
Shields        | |  3.0

Action                     |  1- 3 |  4- 6 |  7- 9 || total
---------------------------+-------+-------+-------++-------
  Melee: Trident           |   104 |   163 |   213 ||   480
  Throw: Throwing net      |       |     1 |       ||     1
 Invoke: Heroism           |       |       |     1 ||     1
  Evoke: Wand              |       |       |     1 ||     1
    Use: Scroll            |       |     2 |       ||     2
         Potion            |       |       |     5 ||     5
   Stab: Held in net/web   |       |     1 |       ||     1
 Armour: Scale mail        |    61 |    44 |    69 ||   174
         Ring mail         |       |       |    17 ||    17
         Skin              |       |       |    15 ||    15
  Dodge: Dodged            |    43 |    45 |    99 ||   187
  Block: Buckler           |    22 |    17 |    64 ||   103

Table legend: (Time is in decaauts)
 A = Elapsed time spent in this place.
 B = Non-inter-level travel time spent in this place.
 C = Inter-level travel time spent in this place.
 D = Time resting spent in this place.
 E = Time spent auto-exploring this place.
 F = Levels seen in this place.
 G = Mean time per level.
                   A        B        C        D        E       F      G
               +--------+--------+--------+--------+--------+-----+--------+
         Total |   4228 |   4044 |    184 |    136 |   3045 |   7 |  604.0 |
       Dungeon |   4228 |   4044 |    184 |    136 |   3045 |   7 |  604.0 |
               +--------+--------+--------+--------+--------+-----+--------+

Top non-repeatable levels by time:
     D:6: 877 daAuts
     D:1: 739 daAuts
     D:3: 732 daAuts
     D:5: 709 daAuts
     D:4: 583 daAuts
     D:2: 552 daAuts
     D:7: 35 daAuts
